 Dungeon Crawl Stone Soup version 0.31-a0-277-g31ea1f65cc (webtiles) character file.

Game seed: 4511501870162835588

31 Newt the Trooper (level 3, 0/29 HPs)
             Began as a Demonspawn Gladiator on July 15, 2023.
             Succumbed to an adder's poison
             ... on level 1 of the Dungeon.
             The game lasted 00:01:11 (1304 turns).

Newt the Trooper (Demonspawn Gladiator)             Turns: 1304, Time: 00:01:11

Health: 0/29       AC:  4    Str: 16    XL:     3   Next: 7%
Magic:  3/3        EV: 12    Int:  9    God:
Gold:   59         SH:  0    Dex: 14    Spells: 2/2 levels left

rFire   . . .        a - +0 rapier
rCold   . . .        (no shield)
rNeg    . . .        b - +0 leather armour
rPois   .            (helmet restricted)
rElec   .            (no cloak)
rCorr   .            g - +0 pair of gloves
SInv    .            (no boots)
Will    .....        (no amulet)
Stlth   +            (no ring)
HPRegen 0.24/turn    (no ring)
MPRegen 0.08/turn

%: no passive effects
@: lethally poisoned (0 -> -3), weak-willed
A: antennae 1
a: no special abilities


You were on level 1 of the Dungeon.
You visited 1 branch of the dungeon, and saw 2 of its levels.

You collected 87 gold pieces.
You spent 28 gold pieces at shops.

Inventory:

Hand Weapons
 a - a +0 rapier (weapon)
Missiles
 d - 2 throwing nets (quivered)
Armour
 b - a +0 leather armour (worn)
 c - a +0 helmet
 g - a +0 pair of gloves (worn)
Scrolls
 f - a scroll of fog
 h - a scroll of noise
 k - a scroll of fear
 l - a scroll of amnesia
Potions
 j - 2 potions of curing
 m - a potion of enlightenment
 n - a potion of attraction {unknown}
 o - 2 potions of mutation {unknown}
 p - a potion of heal wounds {unknown}


   Skills:
 + Level 3.6 Fighting
 - Level 2.6 Short Blades
 - Level 1.7 Throwing
 - Level 2.6 Dodging


You had 2 spell levels left.
You didn't know any spells.
Your spell library was empty.

Dungeon Overview and Level Annotations

Branches:
Dungeon (2/15)

Altars:

Shops:
D:1 ?


Innate Abilities, Weirdness & Mutations

You have a pair of small antennae on your head.


Message History

You are too injured to fight recklessly!
Unknown command.
Throw: javelin
Press: ? - help, Shift-Dir - straight line, f - jackal
Aim: a jackal (47% to hit)
You throw a javelin. The javelin barely misses the worm.
The javelin barely misses the jackal.
The adder hisses angrily.
The javelin pierces through the jackal but does no damage.
The worm bites you!
* * * LOW HITPOINT WARNING * * *
Unknown command.
Unknown command.
Throw: 3 throwing nets
Press: ? - help, Q - select action Shift-Dir - straight line, f/p - jackal
Aim: a jackal (47% to hit)
You throw a throwing net. The throwing net hits the worm.
The worm is caught in the net!
The worm is almost dead.
You strike the helpless worm from behind!
You puncture the worm!
You kill the worm!
The jackal bites you.
* * * LOW HITPOINT WARNING * * *
You have reached level 3!
Your experience leads to an increase in your attributes!
Increase (S)trength, (I)ntelligence, or (D)exterity?
You feel stronger. x2
The jackal attacks as you move away! The jackal closely misses you.
The jackal barely misses you. The jackal attacks as you move away!
The jackal bites you.
* * * LOW HITPOINT WARNING * * *
The jackal misses you.
There is a stone staircase leading up here.
The jackal completely misses you. The adder bites you.
* * * LOW HITPOINT WARNING * * *
You are lethally poisoned!
The adder poisons you!
You climb upwards.
You die...

#>..###..####.#
##### ####
#.#########
##.##.......
##...........
##..###.######
##..## #.# #..##
#.#
####.######.######
#@................
#h##.######.##.##.
#.##.######.##.##.
#...........##.###
####.#########.#
#.............#
#.#.#############
#.#.##..........#
#.#.##..........#


You could see a jackal.

Vanquished Creatures
  A worm (D:2)
  A dart slug (D:1)
  A bat (D:1)
  3 endoplasms (D:1)
  A giant cockroach (D:2)
  4 goblins (D:1)
  3 hobgoblins (D:1)
  4 jackals (D:1)
  2 ball pythons (D:1)
  2 rats
22 creatures vanquished.

Notes
Turn   | Place    | Note
-------+----------+-------------------------------------------
     0 | D:1      | Newt the Demonspawn Gladiator began the quest for the Orb.
     0 | D:1      | Reached XP level 1. HP: 16/16 MP: 1/1
   266 | D:1      | Found Moeb's Magic Scroll Shoppe.
   298 | D:1      | Bought a scroll of identify for 28 gold pieces
   334 | D:1      | Gained mutation: You have a pair of small antennae on your
                  | head. [demonic ancestry]
   334 | D:1      | Reached XP level 2. HP: 21/23 MP: 2/2
   564 | D:1      | You fall into a shaft and drop 1 floor!
   602 | D:2      | Reached skill level 3 in Fighting
  1297 | D:2      | Reached XP level 3. HP: 4/29 MP: 3/3
  1304 | D:1      | Succumbed to an adder's poison

Illustrated notes

Levels and vault maps discovered:
D:1:      minmay_arrival_jagged, layout_basic, serial_shops, shop_scrolls,
          minmay_tetromino_s4
D:2:      layout_loops_ring

Skill      XL: |  1  2 |
---------------+-------+-----
Fighting       | 3 |  3.6
Short Blades   | |  2.6
Throwing       | |  1.7
Dodging        | |  2.6

Action                     || total
---------------------------++-------
  Melee: Rapier            ||    87
  Throw: Javelin           ||     1
         Throwing net      ||     1
    Use: Scroll            ||     7
   Stab: Held in net/web   ||     1
 Armour: Leather armour    ||    22
  Dodge: Dodged            ||    61

Table legend: (Time is in decaauts)
 A = Elapsed time spent in this place.
 B = Non-inter-level travel time spent in this place.
 C = Inter-level travel time spent in this place.
 D = Time resting spent in this place.
 E = Time spent auto-exploring this place.
 F = Levels seen in this place.
 G = Mean time per level.
                   A        B        C        D        E       F      G
               +--------+--------+--------+--------+--------+-----+--------+
         Total |   1310 |   1258 |     52 |    284 |    779 |   2 |  655.0 |
       Dungeon |   1310 |   1258 |     52 |    284 |    779 |   2 |  655.0 |
               +--------+--------+--------+--------+--------+-----+--------+

Top non-repeatable levels by time:
     D:1: 1230 daAuts
     D:2: 80 daAuts
